 Dungeon Crawl Stone Soup version 0.30-a0-29-g142975f185 (webtiles) character file.

Game seed: 16651060904278578972

434 ragingrage the Poker (level 6, -5/47 HPs)
             Began as a Demonspawn Chaos Knight on Aug 26, 2022.
             Was a Plaything of Xom.
             Killed from afar by Dowan (17 damage)
             ... with a stone arrow
             ... on level 4 of the Dungeon.
             The game lasted 00:04:32 (3033 turns).

ragingrage the Poker (Demonspawn Chaos Knight)      Turns: 3033, Time: 00:04:32

Health: -5/47      AC:  8    Str: 15    XL:     6   Next: 68%
Magic:  6/6        EV: 11    Int: 13    God:    Xom [.*....]
Gold:   243        SH:  4    Dex: 12    Spells: 5/5 levels left

rFire   + . .      SeeInvis .    g - +0 whip (elec)
rCold   . . .      Faith    +    (no shield)
rNeg    . . .      Spirit   .    b - +2 leather armour
rPois   +          Reflect  .    (helmet restricted)
rElec   .          Harm     .    (no cloak)
rCorr   .          Rampage  .    o - +0 pair of gloves
Will    .....                    (no boots)
Stlth   +.........               i - amulet of faith
HPRegen 0.15/turn                e - ring of poison resistance
MPRegen 0.10/turn                (no ring)

@: mighty
A: antennae 1, claws 1, ignite blood 2, beak, iridescent scales 1, large bone
plates 1, fire resistance 1
a: Renounce Religion


You were on level 4 of the Dungeon.
You worshipped Xom.
You were a plaything of Xom.
You visited 1 branch of the dungeon, and saw 4 of its levels.

You collected 243 gold pieces.

Inventory:

Hand Weapons
 a - a +0 spear of chaos
 g - a +0 whip of electrocution (weapon)
Missiles
 p - 6 poisoned darts
Armour
 b - a +2 leather armour (worn)
 o - a +0 pair of gloves (worn)
Jewellery
 e - a ring of poison resistance (left hand)
 i - an amulet of faith (around neck)
Wands
 s - a wand of flame (23)
 x - a wand of paralysis (11)
Scrolls
 d - 2 scrolls of vulnerability {unknown}
 f - 2 scrolls of amnesia {unknown}
 h - a scroll of noise {unknown}
 j - a scroll of enchant armour {unknown}
 k - a scroll of teleportation {unknown}
 m - a scroll of enchant weapon {unknown}
 n - 6 scrolls of identify {unknown}
 q - a scroll of silence {unknown}
 r - a scroll of torment {unknown}
 t - a scroll of fog {unknown}
Potions
 l - a potion of cancellation
 v - 2 potions of lignification {unknown}
 w - 2 potions of curing {unknown}
 z - a potion of brilliance {unknown}
 A - a potion of degeneration {unknown}
Miscellaneous
 c - a piece from Xom's chessboard (15/15) (quivered)


   Skills:
 - Level 3.0 Fighting
 + Level 7.0 Polearms
 - Level 1.7 Armour
 - Level 0.8 Dodging


You had 5 spell levels left.
You didn't know any spells.
Your spell library contained the following spells:

 Spells                   Type           Power      Damage    Failure   Level
 Ensorcelled Hibernation  Hex/Ice        0%         N/A       50%         2
 Spider Form              Tmut/Pois      0%         N/A       75%         3
 Anguish                  Hex/Necr       0%         N/A       98%         4
 Animate Dead             Necr           0%         N/A       98%         4
 Haunt                    Necr/Summ      0%         N/A       100%        7
 Infestation              Necr           0%         N/A       100%        8


Dungeon Overview and Level Annotations

Branches:
Dungeon (4/15)
 Temple: D:4-7

Altars:
Gozag
Sif Muna
Xom
Yredelemnul

Shops:
D:2 (   D:4 !*(

Annotations:
D:4 Dowan


Innate Abilities, Weirdness & Mutations

You have a pair of small antennae on your head.
You have sharp fingernails.
Your demonic aura often causes spilled blood to erupt in flames.
You have a beak for a mouth.
You are partially covered in iridescent scales. (AC +2)
You are partially covered in large bone plates. (SH +4)
Your flesh is heat resistant. (rF+)


Message History

Dowan blinks!
The iguana barely misses you.
You hit the iguana but do no damage. Your peck misses the iguana.
The iguana is heavily wounded.
The iguana bites you.
You hit the iguana.
The iguana is severely wounded.
The iguana bites you!
* * * LOW HITPOINT WARNING * * *
Dowan breathes, "And she was my only..."
You hit the iguana but do no damage. Lightning courses through the iguana!!
You kill the iguana!
Dowan drinks a potion.
Dowan suddenly seems more resistant.
Your Polearms skill increases to level 7!
It was a potion of cancellation.
You feel magically purged.
Xom thinks this is hilarious!
The hobgoblin hits you but does no damage.
You hit the hobgoblin.
You peck the hobgoblin, but do no damage.
The hobgoblin is almost dead.
Dowan gestures wildly while chanting.
Dowan blinks!
The hobgoblin barely misses you.
It was a potion of might.
You feel very mighty all of a sudden. The hobgoblin barely misses you.
You whack the hobgoblin!
You kill the hobgoblin!
You close the door, pushing everything out of the way.
You start resting.
Dowan, Brother of Duvessa opens the door.
He is wielding a +0 dagger and wearing a +2 robe of positive energy.
Dowan hits you with a +0 dagger.
* * * LOW HITPOINT WARNING * * *
There is an open door, spattered with blood here.
You whack Dowan! Your peck misses Dowan.
Dowan is heavily wounded.
Dowan closely misses you. Dowan hits you but does no damage.
You hit Dowan.
Dowan is severely wounded.
Dowan casts a spell at you. The stone arrow hits you!
You die...

..... ...#
....... .....
...# ...[.≈≈
..... ...#
.$..≈≈≈ .....
...# ....≈~∩
..... ...# ....≈
..... ...# ...#
##### ...#
#########e..###.
...#
#......)@.......
...#
#.......#.......
...#
##......#>......
.....
#.....##.......
..... #.....#
....### .....
#.....#######
.....
{+..........
.....
#..........
#..........


You could see Dowan (fast, resistant).

Vanquished Creatures
  Duvessa (D:4)
  A phantom (D:3)
  A hound (D:4)
  An iguana (D:4)
  Natasha (thrice) (D:2)
  Robin (D:3)
  2 adders (D:2)
  3 worms
  2 orcs (D:3)
  8 ball pythons
  3 bats
  4 endoplasms (D:3)
  2 giant cockroaches
  12 goblins
  8 hobgoblins
  2 jackals (D:3)
  8 kobolds
  2 quokkas (D:2)
  5 frilled lizards
  5 rats
74 creatures vanquished.

Vanquished Creatures (collateral kills)
  A ball python (D:1)
  3 goblins (D:3)
  2 hobgoblins (D:3)
  A kobold (D:3)
7 creatures vanquished.

Grand Total: 81 creatures vanquished

Notes
Turn   | Place    | Note
-------+----------+-------------------------------------------
     0 | D:1      | ragingrage the Demonspawn Chaos Knight began the quest for
                  | the Orb.
     0 | D:1      | Reached XP level 1. HP: 18/18 MP: 1/1
    21 | D:1      | XOM: divination: detect items
    23 | D:1      | XOM: 1-stop teleportation journey
    95 | D:1      | Reached skill level 3 in Polearms
   118 | D:1      | XOM: potion effect (curing)
   257 | D:1      | Gained mutation: Your demonic aura sometimes causes spilled
                  | blood to erupt in flames. [demonic ancestry]
   257 | D:1      | Reached XP level 2. HP: 17/24 MP: 2/2
   488 | D:1      | XOM: scenery: create altars
   885 | D:2      | XOM: 1-stop teleportation journey
   900 | D:2      | Found a shimmering blue altar of Sif Muna.
   922 | D:2      | Gained mutation: Your demonic aura often causes spilled
                  | blood to erupt in flames. [demonic ancestry]
   922 | D:2      | Reached XP level 3. HP: 29/29 MP: 3/3
  1001 | D:2      | XOM: cleaving
  1004 | D:2      | Reached skill level 4 in Polearms
  1084 | D:2      | XOM: scenery: summon butterflies
  1119 | D:2      | Noticed Natasha
  1124 | D:2      | Killed Natasha
  1126 | D:2      | Discovered your monstrous ancestry.
  1126 | D:2      | Gained mutation: You have a pair of small antennae on your
                  | head. [demonic ancestry]
  1126 | D:2      | Reached XP level 4. HP: 31/35 MP: 4/4
  1264 | D:2      | Found Xuirit's Antique Weapon Shoppe.
  1325 | D:2      | Noticed Natasha
  1328 | D:2      | Killed Natasha
  1462 | D:2      | XOM: cloud trail
  1588 | D:2      | XOM: give mutations
  1588 | D:2      | Gained mutation: You are partially covered in large bone
                  | plates. (SH +4) [Xom's grace]
  1588 | D:2      | Gained mutation: You are partially covered in iridescent
                  | scales. (AC +2) [Xom's grace]
  1588 | D:2      | Gained mutation: Your flesh is heat resistant. (rF+) [Xom's
                  | grace]
  1588 | D:2      | Gained mutation: You have a beak for a mouth. [Xom's grace]
  1659 | D:2      | Reached skill level 5 in Polearms
  1694 | D:2      | XOM: smoke on damage
  1851 | D:2      | XOM: god gift: 60 gold pieces
  1874 | D:2      | Noticed Natasha
  1879 | D:2      | Killed Natasha
  1880 | D:2      | Gained mutation: You have sharp fingernails. [demonic
                  | ancestry]
  1880 | D:2      | Reached XP level 5. HP: 41/41 MP: 5/5
  1898 | D:3      | Noticed a phantom
  1899 | D:3      | XOM: scenery: create altars
  1904 | D:3      | XOM: enchant monster (good)
  2129 | D:3      | Found a shimmering blue altar of Sif Muna.
  2129 | D:3      | Found an opulent altar of Gozag.
  2135 | D:3      | XOM: polymorph quokka -> orc
  2268 | D:3      | Noticed Robin
  2272 | D:3      | XOM: summons 4 friendly demons
  2280 | D:3      | Killed Robin
  2393 | D:3      | Found a basalt altar of Yredelemnul.
  2411 | D:3      | Killed a phantom
  2412 | D:3      | Reached skill level 6 in Polearms
  2412 | D:3      | Reached XP level 6. HP: 47/47 MP: 6/6
  2424 | D:3      | XOM: stat loss: -1 Str (14/15)
  2481 | D:3      | XOM: scenery: create altars
  2584 | D:3      | XOM: silly message
  2762 | D:4      | Found Suepry Rikapp's Distillery.
  2762 | D:4      | XOM: silly message
  2771 | D:3      | XOM: divination: detect items
  2919 | D:4      | Found Guunun's Antique Weapon Boutique.
  2920 | D:4      | XOM is BORED!
  2920 | D:4      | XOM: 6-stop teleportation journey
  2994 | D:4      | Noticed Duvessa
  2994 | D:4      | Noticed Dowan
  2994 | D:4      | XOM: 2-stop teleportation journey
  3004 | D:4      | XOM: summons friendly iron imp
  3006 | D:4      | Found Coduibo's General Store.
  3011 | D:4      | Killed Duvessa
  3025 | D:4      | Reached skill level 7 in Polearms
  3033 | D:4      | Killed from afar by Dowan

Illustrated notes

Levels and vault maps discovered:
D:1:      lightli_molten_gateway, layout_rooms
D:2:      layout_basic, serial_shops, nicolae_shop_behind_doors, basic_altar,
          uniq_natasha
D:3:      layout_rooms, mainiacjoe_overflow_cross_hatched,
          chequers_temple_overflow_statue_of_worship, uniq_robin
D:4:      layout_gridville, grunt_temple_overflow_champion_of_chaos,
          serial_shops, nicolae_shop_waterfront, nicolae_shop_waterfront,
          nicolae_shop_waterfront, uniq_eustachio, uniq_duvessa

Skill      XL: |  1  2  3  4  5  6 |
---------------+-------------------+-----
Polearms       | 3 4 5 6 7 |  7.0
Fighting       | |  3.0
Armour         | |  1.7
Dodging        | |  0.8

Action                   |  1- 3 |  4- 6 || total
-------------------------+-------+-------++-------
Melee: Whip              |    67 |   175 ||   242
       Spear             |     6 |       ||     6
       Peck              |       |    29 ||    29
  Use: Potion            |       |     2 ||     2
Armor: Leather armour    |    33 |    66 ||    99
Dodge: Dodged            |    57 |   104 ||   161
Block: Other             |       |    32 ||    32

Table legend: (Time is in decaauts)
 A = Elapsed time spent in this place.
 B = Non-inter-level travel time spent in this place.
 C = Inter-level travel time spent in this place.
 D = Time resting spent in this place.
 E = Time spent auto-exploring this place.
 F = Levels seen in this place.
 G = Mean time per level.
                   A        B        C        D        E       F      G
               +--------+--------+--------+--------+--------+-----+--------+
         Total |   3055 |   2952 |    103 |    428 |   1889 |   4 |  763.8 |
       Dungeon |   3055 |   2952 |    103 |    428 |   1889 |   4 |  763.8 |
               +--------+--------+--------+--------+--------+-----+--------+

Top non-repeatable levels by time:
     D:2: 1311 daAuts
     D:3: 1005 daAuts
     D:1: 596 daAuts
     D:4: 141 daAuts
